Cogmind - Beta 12 @@@ ROGUE MODE // 2023.05.09 @ 04:22:46 Player: Zirov Result: Self-destructed Performance ------------- Evolutions (2) 1000 Regions Visited (6) 1200 Robots Destroyed (92) 460 Value Destroyed (1780) 1780 Prototype IDs (7) 140 Alien Tech Used (0) 0 Bonus (89) 89 TOTAL SCORE: 4669 Bonus ------- High Alert Combat Kills 89 Cogmind --------- Core Integrity 299/550 Matter 270/300 Energy 69/125 System Corruption 0% Temperature Cool (60) Movement Rolling (110) Ox2 Location -8/Materials Parts ------- > --- POWER (1) -------- Light Ion Engine > --- PROPULSION (3) --- Wheel > --- UTILITY (4) ------ Large Storage Unit Improved Targeting Computer > --- WEAPON (3) ------- Small Laser > --- INVENTORY (15) --- Light Ion Engine High-capacity Battery (250) Improved Terrain Scanner Light Armor Plating Shock Rifle Particle Gun EM Pulse Cannon Improved Assault Rifle Improved Assault Rifle Improved Assault Rifle Gauss Rifle Peak State ------------ > --- POWER ------------ Ion Engine > --- PROPULSION ------- Wheel Wheel Compact Wheel > --- UTILITY ---------- Cooling System Large Storage Unit Improved Targeting Computer Weapon Shielding > --- WEAPON ----------- Small Laser Beam Rifle Beam Rifle > --- INVENTORY -------- Light Ion Engine Wheel Wheel High-capacity Battery Improved Terrain Scanner Light Armor Plating Shock Rifle Particle Gun EM Pulse Cannon Improved Assault Rifle Improved Assault Rifle Improved Assault Rifle Gauss Rifle Grenade Launcher [Rating: 18] Favorites ----------- Power Cooled Ion Engine Engine Cooled Ion Engine Propulsion Wheel Wheel Wheel Utility Large Storage Unit Device Cooling System Storage Large Storage Unit Processor Improved Targeting Computer Protection Light Armor Plating Weapon Small Laser Energy Gun Small Laser Launcher Grenade Launcher Build | -11 -10 -9 -9 -9 -8 -8 ------- Run | Jun Mat Mat Min Exi Min Mat Slots Evolved 4 | . . 2 . . . 2 Power . | . . . . . . . Propulsion 1 | . . 1 . . . . Utility 2 | . . . . . . 2 Weapon 1 | . . 1 . . . . Parts Attached 56 | 6 15 17 7 . 4 7 Power 6 | 1 1 2 . . 1 1 Engine 6 | 1 1 2 . . 1 1 Core . | . . . . . . . Reactor . | . . . . . . . Propulsion 24 | 2 5 8 4 . 2 3 Treads . | . . . . . . . Leg . | . . . . . . . Wheel 24 | 2 5 8 4 . 2 3 Hover . | . . . . . . . Flight . | . . . . . . . Utility 7 | 1 3 . 1 . . 2 Device 2 | . 1 . 1 . . . Storage 2 | 1 1 . . . . . Processor 1 | . . . . . . 1 Hackware . | . . . . . . . Protection 2 | . 1 . . . . 1 Artifact . | . . . . . . . Weapon 19 | 2 6 7 2 . 1 1 Energy Gun 16 | 2 5 6 2 . 1 . Energy Cannon . | . . . . . . . Ballistic Gun . | . . . . . . . Ballistic Cannon . | . . . . . . . Launcher 3 | . 1 1 . . . 1 Special Weapon . | . . . . . . . Impact Weapon . | . . . . . . . Slashing Weapon . | . . . . . . . Piercing Weapon . | . . . . . . . Special Melee Weapon . | . . . . . . . Unidentified Prototypes 1 | . . 1 . . . . Parts Lost 27 | . 3 9 4 . 1 10 Power 2 | . . 1 . . . 1 Propulsion 12 | . 2 5 1 . . 4 Utility 4 | . 1 . 1 . . 2 Weapon 9 | . . 3 2 . 1 3 Highest Loss Streak 10 | . 1 3 2 . 1 10 To Critical Strikes . | . . . . . . . Average Slot Usage (%) 99 | . 98 99 99 100 99 93 Engine 11 | . 14 11 11 11 10 7 Wheel 31 | . 27 32 32 33 33 24 Device 10 | . 8 11 11 11 11 8 Storage 11 | . 14 11 11 11 11 9 Protection 1 | . 4 . . . . 8 Energy Gun 31 | . 26 31 33 33 32 25 Naked Turns . | . . . . . . . Heaviest Build 37 | 14 32 35 35 35 37 35 Greatest Support 42 | 32 32 42 36 36 36 36 Greatest Overweight (x) 1 | . 1 1 . . 1 . Average Overweight (x) . | . . . . . . . Largest Inventory Capacity 15 | 8 15 15 15 15 15 15 Average Capacity 14 | 7 12 15 15 15 15 15 Most Carried 15 | 7 15 15 15 14 15 15 Average Carried 13 | 2 11 13 14 14 14 13 Final Capacity 15 | 8 15 15 15 15 15 15 Final Carried 15 | 7 15 15 14 14 15 11 Class Distribution -------------------- 70% | Scavenger-Gunner 23% | Mutant 5% | Gunner Dominant Class ---------------- Mutant | -10/Materials Scavenger-Gunner | -9/Materials Scavenger-Gunner | -9/Mines Scavenger-Gunner | -9/Exiles Scavenger-Gunner | -8/Mines Scavenger-Gunner | -8/Materials Resources | -11 -10 -9 -9 -9 -8 -8 ----------- Run | Jun Mat Mat Min Exi Min Mat Matter Collected 880 | 322 172 188 99 . 59 40 Remotely . | . . . . . . . Salvage Created 2817 | 143 440 1323 485 . 84 342 Parts 176 | 9 30 75 36 . 14 12 Haulers Intercepted 3 | . 1 2 . . . . Recyclers Shooed 3 | . 1 1 1 . . . Parts Field Recycled . | . . . . . . . Retrieved Matter . | . . . . . . . Parts Self-Destructed . | . . . . . . . Prevented . | . . . . . . . Kills | -11 -10 -9 -9 -9 -8 -8 ------- Run | Jun Mat Mat Min Exi Min Mat Combat Hostiles Destroyed 62 | . 14 26 12 . 3 7 Guns 57 | . 11 26 11 . 3 6 AOE 4 | . 3 . . . . 1 Classes Destroyed 9 | 3 3 2 . . . 1 Worker 8 | 1 1 2 3 . . 1 Builder 7 | . . 6 . . 1 . Tunneler 7 | 3 . . 3 . 1 . Hauler 3 | . 1 2 . . . . Recycler 5 | 1 . 2 2 . . . Swarmer 29 | . 6 10 10 . 3 . Grunt 23 | . 8 9 . . . 6 Sentry 9 | . . 7 2 . . . Hunter 1 | . . . . . . 1 Best Kill Streak 8 | 3 4 8 5 . 2 6 Combat Bots Only 6 | . 3 6 4 . 2 6 Max Kills in Single Turn 3 | 1 1 2 3 . 1 1 Gunslinging 1 | . . 1 1 . . . Exploded 1 | . 1 . . . . 1 Melee . | . . . . . . . Uniques/NPCs Destroyed . | . . . . . . . Combat | -11 -10 -9 -9 -9 -8 -8 -------- Run | Jun Mat Mat Min Exi Min Mat Damage Taken 2709 | . 555 768 334 . 110 942 Core 540 | . 113 95 67 . 14 251 Absorbed by Shields . | . . . . . . . Redirected to Shielding 54 | . . . . . . 54 Regen/Repaired (Parts) 38 | . . 38 . . . . Core Remaining (%) 70 | 100 54 . . . 56 . Volleys Fired 196 | 14 50 68 34 . 10 20 Largest 3 | 2 2 3 3 . 3 3 Hottest 152 | 100 100 145 145 . 152 152 Shots Fired 513 | 28 95 200 104 . 28 58 Gun 505 | 28 90 200 104 . 28 55 Cannon . | . . . . . . . Launcher 8 | . 5 . . . . 3 Special . | . . . . . . . Kinetic . | . . . . . . . Thermal 505 | 28 90 200 104 . 28 55 Explosive 8 | . 5 . . . . 3 Electromagnetic . | . . . . . . . Robot Hit Streak 19 | 3 14 19 9 . 12 11 Robot Miss Streak 5 | 3 3 5 3 . 2 1 Penetration Max . | . . . . . . . Secondary Targets 10 | . . 4 3 . . 3 Max Gunslinging Chain 1 | . . 1 1 . . 1 Shots Hit Robots 331 | 14 66 130 59 . 15 47 Core Hits 146 | 6 27 62 21 . 5 25 Critical Kills . | . . . . . . . Critical Parts Destroyed . | . . . . . . . Critical Strikes 12 | 2 3 3 2 . 1 1 Burn 12 | 2 3 3 2 . 1 1 Melee Attacks . | . . . . . . . Impact . | . . . . . . . Slashing . | . . . . . . . Piercing . | . . . . . . . Sneak Attacks . | . . . . . . . Combat Hostiles . | . . . . . . . Follow-up Attacks . | . . . . . . . Damage Inflicted 4582 | 175 995 1577 738 . 188 909 Guns 4069 | 175 779 1577 738 . 188 612 Cannons . | . . . . . . . Explosions 513 | . 216 . . . . 297 Melee . | . . . . . . . Ramming . | . . . . . . . Kinetic . | . . . . . . . Thermal 4069 | 175 779 1577 738 . 188 612 Explosive 513 | . 216 . . . . 297 Electromagnetic . | . . . . . . . Impact . | . . . . . . . Slashing . | . . . . . . . Piercing . | . . . . . . . Highest Corruption 4 | . 4 2 2 2 2 . Average Corruption 2 | . 3 2 2 2 2 . Corruption Purged . | . . . . . . . Corruption Blocked . | . . . . . . . Effects 37 | . 3 1 12 9 12 . Message Errors 9 | . 1 1 2 2 3 . Matter Fused 10 | . 1 . 4 3 2 . Heat Flow Errors 3 | . . . 1 1 1 . Energy Discharges 4 | . 1 . 1 1 1 . Data Loss (minor) 3 | . . . 2 . 1 . Data Loss (major) 2 | . . . . 1 1 . Misfires 3 | . . . 2 . 1 . Alerts 1 | . . . . 1 . . Weapon Failures 2 | . . . . . 2 . Overload Shots . | . . . . . . . Overflow Damage 8 | . 8 . . . . . Projectiles . | . . . . . . . Explosions 8 | . 8 . . . . . Melee . | . . . . . . . Knockbacks . | . . . . . . . Impact . | . . . . . . . Kinetic . | . . . . . . . Secondary . | . . . . . . . Self-Inflicted Damage 58 | . 14 . . . . 44 Shots 3 | . 1 . . . . 2 Rammed . | . . . . . . . Targets Rammed . | . . . . . . . Kicked . | . . . . . . . Crushed . | . . . . . . . Highest Temperature 239 | 156 225 27 78 210 239 69 Average Temperature 41 | 68 82 7 7 116 54 21 Received Heat Transfer 1029 | . 249 258 27 . . 495 Siege Activations . | . . . . . . . Robots Corrupted . | . . . . . . . Combat Hostiles . | . . . . . . . Parts Fried . | . . . . . . . Impact Corruptions . | . . . . . . . Robots Melted 1 | . . . 1 . . . Combat Hostiles 1 | . . . 1 . . . Parts Melted 28 | 2 5 7 8 . 1 5 Heat Transferred 11008 | 666 2339 4019 1866 . 534 1584 Parts Sabotaged . | . . . . . . . Parts Stolen . | . . . . . . . Parts Stripped . | . . . . . . . Power Chain Reactions . | . . . . . . . Missiles Intercepted . | . . . . . . . Alert | -11 -10 -9 -9 -9 -8 -8 ------- Run | Jun Mat Mat Min Exi Min Mat Peak Influence 550 | 25 232 550 358 . 85 157 Initial 214 | . 16 89 214 . . . Average 192 | 9 94 301 298 . 38 70 Maximum Alert Level 2 | . 1 2 1 . . . Low Security (%) 54 | 100 96 25 7 . 100 100 Level 1 36 | . 3 46 92 . . . Level 2 8 | . . 28 . . . . Level 3 . | . . . . . . . Level 4 . | . . . . . . . Level 5 . | . . . . . . . High Security . | . . . . . . . Max Security . | . . . . . . . Squads Dispatched 5 | . 2 1 . . . 2 Investigation 1 | . 1 . . . . . Extermination . | . . . . . . . Reinforcement 4 | . 1 1 . . . 2 Assault . | . . . . . . . Garrison . | . . . . . . . Intercept . | . . . . . . . Searches Triggered . | . . . . . . . Construction Impeded 1 | . . . . . . 1 Haulers Reinforced . | . . . . . . . Active Scanning Responses . | . . . . . . . Cargo Convoy Interrupts . | . . . . . . . Stealth | -11 -10 -9 -9 -9 -8 -8 --------- Run | Jun Mat Mat Min Exi Min Mat Distress Signals 3 | . . 2 . . . 1 Communications Jammed . | . . . . . . . Distress Signals . | . . . . . . . Times Spotted 95 | . 22 41 12 . 4 16 Peak Tracking Total 7 | . 5 7 3 . 3 6 Tactical Retreats 10 | . . 6 1 . 1 2 Traps | -11 -10 -9 -9 -9 -8 -8 ------- Run | Jun Mat Mat Min Exi Min Mat Traps Triggered 4 | . 3 1 . . . . Indirectly . | . . . . . . . Trap Hack Attempts . | . . . . . . . Triggered . | . . . . . . . Disarmed . | . . . . . . . Reprogrammed . | . . . . . . . Reused . | . . . . . . . Traps Extracted . | . . . . . . . Installed . | . . . . . . . Triggered . | . . . . . . . Machines | -11 -10 -9 -9 -9 -8 -8 ---------- Run | Jun Mat Mat Min Exi Min Mat Machines Disabled 1 | . . . . . . 1 Max in Single Turn 1 | . . . . . . 1 Machines Repaired . | . . . . . . . Machines Sabotaged . | . . . . . . . Overloaded Fab Kills . | . . . . . . . Hacking | -11 -10 -9 -9 -9 -8 -8 --------- Run | Jun Mat Mat Min Exi Min Mat Machines Accessed 15 | . 4 6 1 4 . . Terminals 9 | . 4 4 1 . . . Fabricators . | . . . . . . . Repair Stations 1 | . . 1 . . . . Recycling Units . | . . . . . . . Scanalyzers 1 | . . 1 . . . . Garrison Access . | . . . . . . . Total Hacks 37 | . 11 16 6 4 . . Successful 21 | . 5 10 2 4 . . Failed 16 | . 6 6 4 . . . Catastrophic 4 | . 2 1 1 . . . Database Lockouts . | . . . . . . . Manual 2 | . 1 . 1 . . . Terminals 25 | . 11 8 6 . . . Fabricators . | . . . . . . . Repair Stations 3 | . . 3 . . . . Recycling Units . | . . . . . . . Scanalyzers 5 | . . 5 . . . . Garrison Access . | . . . . . . . Terminal Hacks 15 | . 5 4 2 4 . . Record 4 | . . . . 4 . . Prototype ID Bank 5 | . 2 3 . . . . Unreport Threat 1 | . . 1 . . . . Locate Traps 1 | . 1 . . . . . Dispatch Records 1 | . . . 1 . . . Hauler Manifests 1 | . 1 . . . . . Registered Components 1 | . 1 . . . . . Zone Layout 1 | . . . 1 . . . Fabricator Hacks . | . . . . . . . Repair Station Hacks 2 | . . 2 . . . . Scan Component 1 | . . 1 . . . . Repair 1 | . . 1 . . . . Recycling Unit Hacks . | . . . . . . . Scanalyzer 4 | . . 4 . . . . Insert Component 2 | . . 2 . . . . Analyze 2 | . . 2 . . . . Garrison Access Hacks . | . . . . . . . Unauthorized Hacks . | . . . . . . . Terminals . | . . . . . . . Fabricators . | . . . . . . . Repair Stations . | . . . . . . . Recycling Units . | . . . . . . . Scanalyzers . | . . . . . . . Garrison Access . | . . . . . . . Data Cores Recovered . | . . . . . . . Used . | . . . . . . . Hacking Detections 10 | . 4 5 1 . . . Full Trace Events 3 | . 2 1 . . . . Feedback Events . | . . . . . . . Feedback Blocked . | . . . . . . . Robot Schematics Acquired . | . . . . . . . Robots Built . | . . . . . . . Authchips . | . . . . . . . Time . | . . . . . . . Total Robot Build Rating . | . . . . . . . Part Schematics Acquired 2 | . . 2 . . . . Parts Built . | . . . . . . . Authchips . | . . . . . . . Time . | . . . . . . . Total Part Build Rating . | . . . . . . . Parts Repaired 1 | . . 1 . . . . Time 26 | . . 26 . . . . Parts Recycled . | . . . . . . . Recycled Matter . | . . . . . . . Retrieved Matter . | . . . . . . . Retrieved Components . | . . . . . . . Parts Scanalyzed 2 | . . 2 . . . . Part Schematics Acquired 2 | . . 2 . . . . Parts Damaged . | . . . . . . . Bothacking | -11 -10 -9 -9 -9 -8 -8 ------------ Run | Jun Mat Mat Min Exi Min Mat Used RIF Installer . | . . . . . . . Robots Hacked . | . . . . . . . Non-combat . | . . . . . . . Combat . | . . . . . . . Robot Hacks Applied . | . . . . . . . Relay Couplers Released . | . . . . . . . Fabnet Peak Effective % . | . . . . . . . Robots Rewired . | . . . . . . . Allies Hacked . | . . . . . . . Hacks Repelled . | . . . . . . . Allies | -11 -10 -9 -9 -9 -8 -8 -------- Run | Jun Mat Mat Min Exi Min Mat Total Allies . | . . . . . . . Largest Group . | . . . . . . . Highest-Rated Group . | . . . . . . . Highest-Rated Ally . | . . . . . . . Total Orders . | . . . . . . . Ally Attacks . | . . . . . . . Total Damage . | . . . . . . . Kills . | . . . . . . . Allies Corrupted . | . . . . . . . Allies Melted . | . . . . . . . Intel | -11 -10 -9 -9 -9 -8 -8 ------- Run | Jun Mat Mat Min Exi Min Mat Robot Analysis Total . | . . . . . . . Derelict Logs Recovered 2 | . . . 2 . . . Drone Launches . | . . . . . . . Drone Recoveries . | . . . . . . . Exploration | -11 -10 -9 -9 -9 -8 -8 ------------- Run | Jun Mat Mat Min Exi Min Mat Turns Passed 3632 | 133 606 935 707 622 482 147 Spaces Moved 3097 | 74 427 678 670 724 461 63 Core 1 | 1 . . . . . . Treads . | . . . . . . . Legs . | . . . . . . . Wheels 3096 | 73 427 678 670 724 461 63 Hover . | . . . . . . . Flight . | . . . . . . . Fastest Speed 50 | 50 90 86 86 86 86 80 Average Speed 89 | 99 96 89 86 86 94 85 Slowest Speed 105 | 100 105 95 86 86 101 86 Overloaded Moves . | . . . . . . . Propulsion Burnouts . | . . . . . . . Robots Hopped . | . . . . . . . Cave-ins Triggered . | . . . . . . . Exploration Rate (%) 59 | 6 70 53 99 92 87 10 Regions Visited 6 Branch Regions 3 Pre-discovered Areas 1 | . . . 1 . . . Known Exits Taken . | . . . . . . . Unknown Exits Taken 6 | 1 1 1 1 1 1 . Scrap Searched 5 | . . . 3 . 2 . Spaces Dug . | . . . . . . . Terrain Destroyed 47 | . 38 . . . . 9 Melee . | . . . . . . . Projectile . | . . . . . . . AOE 47 | . 38 . . . . 9 Terrain Rammed . | . . . . . . . Walls Destroyed . | . . . . . . . Machines Disabled . | . . . . . . . Actions | -11 -10 -9 -9 -9 -8 -8 --------- Run | Jun Mat Mat Min Exi Min Mat Total 3525 | 102 522 854 725 723 488 111 Wait 122 | 2 22 69 7 . 4 18 Move 3091 | 73 426 677 669 723 460 63 Hop . | . . . . . . . Pick Up 39 | 7 7 15 4 . 4 2 Fast Attach 9 | 6 2 . . . 1 . Attach 24 | . 2 11 4 . 1 6 Detach 1 | . . . . . 1 . Swap 23 | . 11 6 3 . 2 1 Drop 20 | . 2 8 4 . 5 1 Fire 196 | 14 50 68 34 . 10 20 Melee . | . . . . . . . Ram . | . . . . . . . Kick . | . . . . . . . Crush . | . . . . . . . Escape Stasis . | . . . . . . . Rewire . | . . . . . . . Trap . | . . . . . . . Miscellaneous . | . . . . . . . Route ------- -11/Junkyard -10/Materials (discovered 3 exits: *Mat x2 / [*Min]) -9/Materials (discovered 3 exits: [*Mat] / *Min / [*Sto]) -9/Mines (discovered 3 exits: [*Mat x2] / *Exi) -9/Exiles (discovered 2 exits: [*Min x2]) -8/Mines (discovered 2 exits: [*Mat x2]) -8/Materials History --------- Turn | Location | Event 27 | -11/Junkyard | Discovered new exit (range 15) 134 | -11/Junkyard | Entered Materials 313 | -10/Materials | Build established: Mutant 446 | -10/Materials | Discovered new exit (range 12) 639 | -10/Materials | Discovered new exit (range 8) 689 | -10/Materials | Discovered new exit (range 7) 740 | -10/Materials | Entered another Materials area 740 | -9/Materials | Evolved 2 slots: Propulsion x1, Weapon x1 874 | -9/Materials | Repaired Grenade Launcher 1135 | -9/Materials | Lost 3 parts (1p2w) 1421 | -9/Materials | Build established: Scavenger-Gunner 1514 | -9/Materials | Discovered new exit (range 8) 1639 | -9/Materials | Discovered new exit (range 6) 1662 | -9/Materials | Discovered new exit (range 16) 1675 | -9/Materials | Entered Mines 1690 | -9/Mines | Discovered new exit (range 16) 1850 | -9/Mines | Learned Materials non-interactive machine intel 1928 | -9/Mines | Discovered new exit (range 9) 2345 | -9/Mines | Deemed a non-threat by the Exiles lab entrance 2345 | -9/Mines | Discovered new exit (range 5) 2382 | -9/Mines | Entered Exiles 2382 | -9/Exiles | Found Exiles lab abandoned 2394 | -9/Exiles | Discovered new exit (range 15) 2892 | -9/Exiles | Discovered new exit (range 11) 3004 | -9/Exiles | Entered Mines 3104 | -8/Mines | Discovered new exit (range 15) 3480 | -8/Mines | Discovered new exit (range 5) 3486 | -8/Mines | Entered Materials 3486 | -8/Materials | Evolved 2 slots: Utility x2 3487 | -8/Materials | Loaded intel: 25 non-interactive machine locations 3633 | -8/Materials | Self-destructed Last Messages --------------- 03608_ K-01 Serf collects debris. 03610_ Beam Rifle destroyed. 03611_ K-01 Serf collects debris. 03611_ Wheel destroyed. 03614_ K-01 Serf collects debris. 03615_ C-30 ARC bursts open, deploying its payload. 03615_ G-47 Trooper unfolds itself. 03616_ Wheel destroyed. 03620_ K-01 Serf collects debris. 03623_ Hadron Collector disabled. 03623_ Weapon Shielding destroyed. 03623_ Critical hit (Burn: +37). 03623_ M-13 Machinist sends out distress signal. 03625_ Beam Rifle destroyed. 03627_ G-50 Soldier destroyed. 03628_ Wheel destroyed. 03629_ Cooling System destroyed. 03630_ G-47 Trooper destroyed. 03632_ Grenade Launcher destroyed. 03632_ Critical hit (Burn: +37). Map ----- +----------------------------------------------------+ | ??????"""????????????????????"""?????????????????? | | ?????????????????????????????????????????????????? | | ?????????????????????????????????????????????????? | | ??????????????????????? ?????????????????????????? | | ??????????????????????? ?????????????????????????? | | ??????????????????????? ?????????????????????????? | | ??????????????????????? ?????????????????????????? | | ??????????????????????? ?????????????????????????? | | ??????????????????????? ?????????????????????????? | | ??????????????????????? ?????????????????????????? | | ??????????????????????# #????????????????????????? | | ""????????????????????# #????????????????????????? | | ""????????????????????#u#????????????????????????? | | ""????????????????????# #????????????????????????? | | ??????????????????????# #????????????????????????? | | ??????????????????????# ##???????????????????????? | | ?????????????????????## ######?????????????????? | | ????## ############### #?????????????????? | | ?? "" #?????????????????? | | ?? % "" ! #?????????????????? | | ?? "%" g g % #?????????????????? | | ?????###/########## %= #?????????????????? | | ??????????????????# g% " #?????????????????? | | ????"""???????????# % %! " #?????????????????? | | ???"""""??????##### " #?????????????????? | | ???"""""??????#!! # @%g* #?????????????????? | | ???"""""??????#!! ##########?????????????????? | | ????"""???????#!! #??????????????????????????? | | ??????????????#!! #??????????????????????????? | | ??????????????#]] #????###########???????????? | | ??????????????#]] #????# = #???????????? | | ???????????######## #????# #???????????? | | ???????????# ###### ! #???????????? | | ???????????# + #???????????? | | ??????? ###### """ """ #???????????? | | ???????######/##### #????# "R """ #???????????? | | ??????????? ?????# #????# """ """ #???????????? | | ??????????"""""""?# #????# #???????????? | | ??????????"""""""?# #######+###########????????? | | ??????????"""""""?# #????????? | | ??????????"""""""?+ #????????? | | ??????????"""""""?# #????????? | | ??????????????????#######################????????? | | ?????????????????????????????????????????????????? | | ?????????????????????????????????????????????????? | | ?????????????????????????????????????????????????? | | ?????????????????????????????????????????????????? | | ?????????????????????????????????????????????????? | | | | | +----------------------------------------------------+ Best States ------------- Heat Dissipation 53 Energy Generation 14 Energy Capacity 280 Matter Stores 300 Matter Capacity 300 Sight Range 16 Terrain Scan Density 10 Armor Coverage 150 Weapon Shielding 33 Evasion (%) 42 Targeting Accuracy 6 Item Schematics ----------------- Imp. Assault Rifle | -9/Materials | Scanalyzed Cooling System | -9/Materials | Scanalyzed Robot Schematics ------------------ None Fabricated ------------ Nothing Alien Tech Used ----------------- None Achievements -------------- None Challenges ------------ None Game ------ Seed ModifiedThrowingClaymores Manual? 0 Play Time 00:31:39 Cumulative 77.8 hours Start 2023.05.09 @ 01:39:05 End 2023.05.09 @ 04:22:46 Sessions 3 Manual Loads 0 Difficulty Rogue Special Mode None Game No. 83 Rogue 83 Adventurer 0 Explorer 0 Win Type - Total 0 Types 0/0/0/0/0/0/0/0/0 Lore% 29 Gallery% 36 Achievement% 28 Wizard Run 0 Options --------- ASCII 1 Keyboard 0 Movement Numpad Keybinds 0 Fullscreen 1 Font 18/SmallcapsGlow Map View 76x50 Tactical HUD 1 Map Filters NONE Filters NONE Steam 1 RUN: aa3a1e58-148f-4fa1-a4be-b9184b0d4983